 Dungeon Crawl Stone Soup version 0.28-a0-794-gafe8c5f9e9 (webtiles) character file.

Game seed: 13642062958711495339

148 cheechan the Chopper (level 5, 0/35 HPs)
             Began as an Octopode Gladiator on Nov 5, 2021.
             Slain by an orc (2 damage)
             ... on level 3 of the Dungeon.
             The game lasted 00:05:55 (1689 turns).

cheechan the Chopper (Octopode Gladiator)           Turns: 1689, Time: 00:05:55

Health: 0/35       AC:  1    Str: 14    XL:     5   Next: 30%
Magic:  5/5        EV: 14    Int: 10    God:
Gold:   97         SH:  0    Dex: 14    Spells: 4/4 levels left

rFire   . . .      SeeInvis .   a - +0 war axe
rCold   . . .      Faith    .   (no shield)
rNeg    . . .      Spirit   .   b - +0 hat
rPois   .          Reflect  .   (no amulet)
rElec   .          Harm     .   e - ring of flight
rCorr   .          Rampage  .   (no ring)
Will    .....                   (no ring)
Stlth   +++.......              (no ring)
HPRegen 0.11/turn               (no ring)
MPRegen 0.09/turn               (no ring)
                                (no ring)
                                (no ring)

@: flying
A: almost no armour, amphibious, 8 rings, camouflage 1, gelatinous body 1,
(nimble swimmer 1), tentacles
a: no special abilities


You were on level 3 of the Dungeon.
You visited 1 branch of the dungeon, and saw 3 of its levels.

You collected 97 gold pieces.

Inventory:

Hand Weapons
 a - a +0 war axe (weapon)
Missiles
 c - 3 throwing nets (quivered)
 f - 39 arrows
 h - 10 poisoned darts
 i - 25 sling bullets
Armour
 b - a +0 hat (worn)
Jewellery
 e - a ring of flight (left tentacle)
Potions
 g - 2 potions of magic {unknown}
 j - a potion of curing {unknown}


   Skills:
 + Level 2.6 Fighting
 + Level 4.6 Axes
 + Level 2.6 Throwing
 + Level 3.4 Dodging
 + Level 1.9 Stealth


You had 4 spell levels left.
You didn't know any spells.
Your spell library contained the following spells:

 Spells                   Type           Power      Damage    Failure   Level
 Ensorcelled Hibernation  Hex/Ice        0%         N/A       50%         2
 Tukima's Dance           Hex            0%         N/A       75%         3


Dungeon Overview and Level Annotations

Branches:
Dungeon (3/15)

Altars:


Innate Abilities, Weirdness & Mutations

You cannot wear most types of armour.
You are amphibious.
You can wear up to eight rings at the same time.
Your skin changes colour to match your surroundings (Stealth+).
Your rubbery body absorbs attacks. (AC +1, EV +1)
((You are camouflaged near water. (Stealth+)))
You have tentacles for arms and can constrict up to eight enemies at once.


Message History

The throwing net hits the orc.
The orc is caught in the net!
The orc struggles against the net.
Found 16 stones.
The orc struggles against the net.
The orc priest looks encouraged for a moment.
You see here a +0 short sword.
The orc struggles against the net.
The goblin hits you but does no damage.
You feel drained.
You slash the orc!
You kill the orc!
You slash the goblin!
You kill the goblin!
The orc struggles against the net. x2
The net rips apart, and the orc comes free!
You completely miss the orc priest. You grab the orc priest.
The orc priest is moderately wounded.
You constrict the orc priest.
The orc priest invokes the aid of Beogh against you.
You barely resist. You hit the orc priest. Your squeeze misses the orc priest.
The orc priest is heavily wounded.
You constrict the orc priest, but do no damage.
The orc priest calls down the wrath of Beogh upon you.
Beogh smites you!
The orc priest hits you with a +0 short sword.
You hit the orc priest.
You squeeze the orc priest, but do no damage.
The orc priest is almost dead.
You constrict the orc priest.
You kill the orc priest!
The orc hits you from afar with a +0 trident.
Your life force feels restored.
The orc hits you with a +0 trident.
* * * LOW HITPOINT WARNING * * *
You see here a +0 club.
You closely miss the orc. You grab the orc.
You constrict the orc, but do no damage.
The orc hits you with a +0 trident.
* * * LOW HITPOINT WARNING * * *
The orc hits you with a +0 trident.
You die...

######### #.......#
####.......###########
.............>........
######...)...###########
.......).........
#......@.)..#####
..(...o.........
#...........####
#........<..#
#...........#
##+######+#.# .# #


You could see an orc.

Vanquished Creatures
  An orc priest (D:3)
  Jessica (D:2)
  Robin (D:2)
  2 adders (D:2)
  2 dart slugs
  An orc (D:3)
  7 ball pythons
  4 bats
  4 endoplasms
  5 giant cockroaches
  11 goblins
  6 hobgoblins
  2 quokkas (D:2)
  A frilled lizard (D:1)
  3 kobolds
  4 rats
55 creatures vanquished.

Notes
Turn   | Place    | Note
-------+----------+-------------------------------------------
     0 | D:1      | cheechan the Octopode Gladiator began the quest for the
                  | Orb.
     0 | D:1      | Reached XP level 1. HP: 14/14 MP: 1/1
   158 | D:1      | Reached XP level 2. HP: 11/19 MP: 2/2
   433 | D:1      | Reached XP level 3. HP: 16/24 MP: 3/3
   917 | D:2      | Noticed Robin
   925 | D:2      | Killed Robin
  1001 | D:2      | Reached skill level 4 in Axes
  1001 | D:2      | Reached XP level 4. HP: 25/30 MP: 4/4
  1003 | D:2      | Noticed Jessica
  1012 | D:2      | Killed Jessica
  1188 | D:2      | Reached skill level 1 in Stealth
  1189 | D:2      | Found a faded altar of an unknown god.
  1550 | D:2      | Reached XP level 5. HP: 34/35 MP: 5/5
  1689 | D:3      | Slain by an orc

Illustrated notes

Levels and vault maps discovered:
D:1:      dpeg_arrival_line_fractal, layout_loops_ring
D:2:      layout_basic, chequers_ecumenical_altar_island,
          hangedman_feature_mirror, grunt_ministairs_6, uniq_robin, uniq_jessica
D:3:      layout_basic, grunt_decor_fettered

Skill      XL: |  1  2  3  4 |
---------------+-------------+-----
Axes           | 4 |  4.6
Stealth        | 1 |  1.9
Fighting       | |  2.6
Throwing       | |  2.6
Dodging        | |  3.4

Action                   |  1- 3 |  4- 6 || total
-------------------------+-------+-------++-------
Melee: War axe           |    46 |    25 ||    71
       Tentacles         |     8 |     5 ||    13
       Constrict         |     9 |     8 ||    17
Throw: Boomerang         |    21 |     8 ||    29
       Throwing net      |       |     1 ||     1
  Use: Scroll            |     2 |     1 ||     3
 Stab: Sleeping          |     2 |     3 ||     5
Armor: Skin              |     7 |     2 ||     9
Dodge: Dodged            |    31 |    25 ||    56

Table legend: (Time is in decaauts)
 A = Elapsed time spent in this place.
 B = Non-inter-level travel time spent in this place.
 C = Inter-level travel time spent in this place.
 D = Time resting spent in this place.
 E = Time spent auto-exploring this place.
 F = Levels seen in this place.
 G = Mean time per level.
                   A        B        C        D        E       F      G
               +--------+--------+--------+--------+--------+-----+--------+
         Total |   1714 |   1714 |      0 |     99 |      0 |   3 |  571.3 |
       Dungeon |   1714 |   1714 |      0 |     99 |      0 |   3 |  571.3 |
               +--------+--------+--------+--------+--------+-----+--------+

Top non-repeatable levels by time:
     D:1: 847 daAuts
     D:2: 815 daAuts
     D:3: 52 daAuts
